 Dungeon Crawl Stone Soup version 0.30-a0-596-g0af90f9a20 (webtiles) character file.

Game seed: 12077200478653704848

314 flotson the Sneak (level 6, 0/48 HPs)
             Began as a Demonspawn Delver on Jan 6, 2023.
             Killed by divine providence
             ... invoked by an orc priest
              (13 damage)
             ... on level 2 of the Dungeon.
             The game lasted 00:03:39 (2262 turns).

flotson the Sneak (Demonspawn Delver)               Turns: 2262, Time: 00:03:40

Health: 0/48       AC:  6    Str: 21    XL:     6   Next: 19%
Magic:  6/6        EV: 11    Int: 11    God:
Gold:   135        SH:  0    Dex: 14    Spells: 5/5 levels left

rFire   . . .      SeeInvis .    a - +0 hand axe
rCold   . . .      Faith    .    (no shield)
rNeg    . . .      Spirit   .    d - +0 scale mail
rPois   .          Reflect  .    (no helmet)
rElec   .          Harm     .    (no cloak)
rCorr   .          Rampage  .    (no gloves)
Will    .....                    (no boots)
Stlth   ++                       (no amulet)
HPRegen 0.28/turn                e - +6 ring of strength
MPRegen 0.10/turn                (no ring)

@: no status effects
A: hooves 2, powered by pain 1
a: no special abilities


You were on level 2 of the Dungeon.
You visited 1 branch of the dungeon, and saw 5 of its levels.

You collected 135 gold pieces.

Inventory:

Hand Weapons
 a - a +0 hand axe (weapon)
Missiles
 n - a poisoned dart (quivered)
 p - 4 javelins
Armour
 d - a +0 scale mail (worn)
Jewellery
 e - a +6 ring of strength (left hand)
 j - a +5 ring of evasion
Wands
 g - a wand of digging (3)
Scrolls
 b - 5 scrolls of identify {unknown}
 c - 2 scrolls of fog
 i - 2 scrolls of teleportation {unknown}
 k - a scroll of brand weapon {unknown}
 m - a scroll of noise {unknown}
 r - a scroll of silence {unknown}
 s - a scroll of amnesia {unknown}
 t - a scroll of enchant weapon {unknown}
Potions
 f - 2 potions of haste
 h - 2 potions of curing {unknown}
 l - a potion of resistance {unknown}
 o - a potion of heal wounds {unknown}
 q - a potion of brilliance {unknown}


   Skills:
 + Level 3.8 Fighting
 + Level 2.8 Axes
 + Level 1.2 Throwing
 + Level 2.0 Armour
 + Level 2.8 Dodging
 - Level 5.0 Stealth
 + Level 2.2 Evocations


You had 5 spell levels left.
You didn't know any spells.
Your spell library contained the following spells:

 Spells                   Type           Power      Damage    Failure   Level
 Static Discharge         Conj/Air       0%         2-2/arc   83%         2
 Vhi's Electric Charge    Tloc/Air       0%         N/A       96%         3
 Sticky Flame             Conj/Fire      0%         2d3       100%        4
 Arcjolt                  Conj/Air       0%         1d10      100%        5
 Lightning Bolt           Conj/Air       0%         1d11      100%        5
 Iron Shot                Conj/Erth      0%         9d1       100%        6
 Lehudib's Crystal Spear  Conj/Erth      0%         10d2      100%        8


Dungeon Overview and Level Annotations

Branches:
Dungeon (5/15)             Temple (0/1) D:4

Altars:

Annotations:
D:4 Dowan


Innate Abilities, Weirdness & Mutations

You have hoof-like feet.
You sometimes gain a little power by taking damage.


Message History

The orc priest barely misses you.
You completely miss the orc priest.
The orc priest is lightly wounded.
The orc priest closely misses you.
You barely miss the orc priest. You kick the orc priest.
The orc priest is lightly wounded.
The orc priest hits you with a +0 mace.
You hit the orc priest.
The orc priest is heavily wounded.
The orc priest hits you with a +0 mace.
You hit the orc priest.
You kick the orc priest, but do no damage.
The orc priest is heavily wounded.
The orc priest hits you but does no damage.
You closely miss the orc priest.
You kick the orc priest, but do no damage.
The orc priest is heavily wounded.
The orc priest hits you with a +0 mace. The orc priest barely misses you.
You closely miss the orc priest. Your kick misses the orc priest.
The orc priest is heavily wounded.
The orc priest hits you with a +0 mace.
You hit the orc priest.
The orc priest is almost dead.
The orc priest looks braver for a moment.
You hit the orc priest but do no damage.
The orc priest is almost dead.
The orc priest hits you but does no damage.
You hit the orc priest. Your kick misses the orc priest.
The orc priest is almost dead.
The orc priest hits you with a +0 mace!
* * * LOW HITPOINT WARNING * * *
You closely miss the orc priest. Your kick misses the orc priest.
The orc priest is almost dead.
The orc priest looks satisfied for a moment.
You closely miss the orc priest. Your kick misses the orc priest.
The orc priest is almost dead.
The orc priest barely misses you.
The orc priest calls down the wrath of Beogh upon you.
Beogh smites you!
You die...

#.##...†##.##...............#..#8
#..'..###...#....#......†.....#..
##.####...#'#....#......###.>.#.⌠
.#..#.).###.#....#.#....#.....#..
.##...###...##.<........#......#.
..#.###...#..#.....#....#..####.#
#####...####.##....#(...#.....###
#.#...#'#..#..#).[.#....#...#####
..##.##....##.##@.......##.......
#..#..#..⌠..#..#.o......##...#...
##.##.##....##.##.####.###...##.#
.'..#..#..###...........##...##'#
†##.##.####...########..##......<
..#..#..#...### #...............
..##.##...### ###.###..####.....
###...'.### #....##..# #.....
#...##### #.#..###.####.....


You could see an orc priest.

Vanquished Creatures
  Sigmund (D:2)
  Jessica (D:1)
  8 adders (D:2)
  3 dart slugs
  2 orcs (D:2)
  4 ball pythons
  3 endoplasms
  A giant cockroach (D:2)
  3 goblins
  5 hobgoblins
  3 jackals
  4 quokkas
  6 bats
  A frilled lizard (D:1)
  4 kobolds
  5 rats
54 creatures vanquished.

Notes
Turn   | Place    | Note
-------+----------+-------------------------------------------
     0 | D:5      | flotson the Demonspawn Delver began the quest for the Orb.
     0 | D:5      | Reached XP level 1. HP: 18/18 MP: 1/1
     6 | D:5      | Noticed an iguana
    20 | D:5      | Noticed a scorpion
   116 | D:4      | Noticed a phantom
   118 | D:4      | Noticed a hound
   279 | D:4      | Noticed Dowan
   279 | D:4      | Noticed a scorpion
   424 | D:2      | Gained mutation: You sometimes gain a little power by
                  | taking damage. [demonic ancestry]
   424 | D:2      | Reached XP level 2. HP: 16/24 MP: 2/2
   569 | D:2      | Reached skill level 1 in Evocations
   569 | D:2      | Discovered your monstrous ancestry.
   569 | D:2      | Gained mutation: You have large cloven feet. [demonic
                  | ancestry]
   569 | D:2      | Reached XP level 3. HP: 29/29 MP: 3/3
  1120 | D:1      | Got the Secrets of the Pyromaniac and the Syncline
  1184 | D:2      | Noticed Jessica
  1188 | D:1      | Killed Jessica
  1189 | D:1      | Reached skill level 1 in Armour
  1189 | D:1      | Reached XP level 4. HP: 35/35 MP: 4/4
  1355 | D:2      | Found a faded altar of an unknown god.
  1660 | D:2      | Noticed Sigmund
  1670 | D:2      | Killed Sigmund
  1671 | D:2      | Reached skill level 1 in Throwing
  1671 | D:2      | Reached skill level 5 in Stealth
  1671 | D:2      | Gained mutation: You have hoof-like feet. [demonic
                  | ancestry]
  1671 | D:2      | Reached XP level 5. HP: 22/42 MP: 5/5
  1671 | D:2      | Reached XP level 6. HP: 25/48 MP: 6/6
  2262 | D:2      | Killed from afar by an orc priest

Illustrated notes

Levels and vault maps discovered:
D:1:      tarquinn_simple_flora_water_d, layout_loops_ring
D:2:      minmay_skewed_foursquare, layout_basic,
          shapermc_ecumenical_altar_venn, minmay_circle_x, uniq_sigmund,
          uniq_jessica
D:3:      layout_basic, serial_glass, glass_columns_b, glass_columns_b,
          glass_columns_a, minmay_strange_pillars, feat_on_display,
          item_on_display_b, item_on_display_a, uniq_terence,
          uniq_crazy_yiuf_cottage, uniq_robin, uniq_grinder
D:4:      layout_loops_ring, minmay_temple_entry_grid, uniq_duvessa
D:5:      layout_loops_ring, serial_shops, shop

Skill      XL: |  1  2  3  4  5  6 |
---------------+-------------------+-----
Axes           | 2 |  2.8
Dodging        | 2 |  2.8
Evocations     | 1 2 |  2.2
Armour         | 1 2 |  2.0
Throwing       | 1 |  1.2
Stealth        | 5 |  5.0
Fighting       | |  3.8

Action                   |  1- 3 |  4- 6 || total
-------------------------+-------+-------++-------
Melee: Hand axe          |    87 |    94 ||   181
       Kick              |     7 |    19 ||    26
Throw: Dart              |       |     2 ||     2
  Use: Scroll            |     2 |       ||     2
 Stab: Sleeping          |     2 |       ||     2
Armor: Scale mail        |    40 |    47 ||    87
       Leather armour    |     8 |       ||     8
Dodge: Dodged            |    69 |    53 ||   122

Table legend: (Time is in decaauts)
 A = Elapsed time spent in this place.
 B = Non-inter-level travel time spent in this place.
 C = Inter-level travel time spent in this place.
 D = Time resting spent in this place.
 E = Time spent auto-exploring this place.
 F = Levels seen in this place.
 G = Mean time per level.
                   A        B        C        D        E       F      G
               +--------+--------+--------+--------+--------+-----+--------+
         Total |   2299 |   2249 |     50 |     23 |   1577 |   5 |  459.8 |
       Dungeon |   2299 |   2249 |     50 |     23 |   1577 |   5 |  459.8 |
               +--------+--------+--------+--------+--------+-----+--------+

Top non-repeatable levels by time:
     D:2: 1271 daAuts
     D:1: 622 daAuts
     D:4: 268 daAuts
     D:3: 79 daAuts
     D:5: 57 daAuts
